 Dungeon Crawl Stone Soup version 0.31-a0-246-g8cbcc1cb85 (webtiles) character file.

Game seed: 13531645295483550888

29 Iniera the Sneak (level 3, -1/28 HPs)
             Began as a Demonspawn Brigand on July 13, 2023.
             Slain by a gnoll
             ... wielding a +0 halberd
              (7 damage)
             ... on level 1 of the Dungeon.
             The game lasted 00:01:14 (967 turns).

Iniera the Sneak (Demonspawn Brigand)                Turns: 967, Time: 00:01:14

Health: -1/28      AC:  3    Str: 13    XL:     3   Next: 1%
Magic:  3/3        EV: 11    Int: 12    God:
Gold:   47         SH:  0    Dex: 14    Spells: 2/2 levels left

rFire   . . .        a - +2 dagger
rCold   . . .        (no shield)
rNeg    . . .        b - +0 robe
rPois   .            (no helmet)
rElec   .            c - +0 cloak
rCorr   .            (no gloves)
SInv    .            (no boots)
Will    .....        (no amulet)
Stlth   ++           (no ring)
HPRegen 0.24/turn    (no ring)
MPRegen 0.08/turn

%: no passive effects
@: no status effects
A: claws 1, demonic magic 1
a: no special abilities


You were on level 1 of the Dungeon.
You visited 1 branch of the dungeon, and saw 2 of its levels.

You collected 47 gold pieces.

Inventory:

Hand Weapons
 a - a +2 dagger (weapon)
Missiles
 d - 9 poisoned darts (quivered)
 z - 3 curare-tipped darts
Armour
 b - a +0 robe (worn)
 c - a +0 cloak (worn)
Scrolls
 f - a scroll of identify {unknown}
Potions
 e - a potion of attraction {unknown}


   Skills:
 + Level 2.5 Fighting
 - Level 1.7 Short Blades
 - Level 2.0 Throwing
 + Level 1.1 Armour
 - Level 0.8 Dodging
 - Level 3.6 Stealth
 * Level 1.1 Unarmed Combat


You had 2 spell levels left.
You didn't know any spells.
Your spell library was empty.

Dungeon Overview and Level Annotations

Branches:
Dungeon (2/15)

Altars:


Innate Abilities, Weirdness & Mutations

You have sharp fingernails.
Spells you cast may paralyse adjacent enemies.


Message History

You are too injured to fight recklessly!
The gnoll attacks as you move away! The gnoll hits you with a +0 spear.
The gnoll closely misses you.
The gnoll throws a throwing net.
The throwing net closely misses you.
The gnoll hits you from afar with a +0 spear!
* * * LOW HITPOINT WARNING * * *
A ball python comes into view.
The ball python bites you but does no damage.
The ball python closely misses you.
You hit the ball python.
The ball python is moderately wounded.
The ball python closely misses you. The ball python barely misses you.
You hit the ball python.
You kill the ball python!
There is a stone staircase leading up here.
You climb upwards.
There is a stone staircase leading down here.
You start resting.
HP restored.
You climb downwards.
The gnoll hits you but does no damage.
There is a stone staircase leading up here.
The gnoll hits you from afar with a +0 halberd!
The gnoll closely misses you.
There is a stone staircase leading up here.
The gnoll barely misses you.
You climb upwards.
There is a stone staircase leading down here.
You start resting.
HP restored.
You climb downwards.
The gnoll hits you with a +0 halberd! The gnoll barely misses you.
There is a stone staircase leading up here.
The gnoll hits you with a +0 whip. The gnoll barely misses you.
You climb upwards.
There is a stone staircase leading down here.
You closely miss the gnoll. The gnoll hits you with a +0 halberd.
The gnoll hits you with a +0 whip.
* * * LOW HITPOINT WARNING * * *
You hit the gnoll but do no damage. The gnoll hits you with a +0 halberd!
You die...

.......##÷..<÷.÷##.# ##.#
##...#.##...÷...##.# #..#
.......###########.#########.##
....#..........#.............#
....+#.##.#....#.#.#.#########
.......##.##.#.#.#.#.#
.......##.##.#.....#.##
.....).##.##.#........#
####+#.##.##.#.#@g##..#
####+#.##.##.#..g.....#
.......##..(...#.##...#####
....)..#########.##...#...#
.......# ♣♣♣♣....#....#)#.#
.......♣♣♣...♣...####.#.#.#
.......♣P.P......+....#.#.#
.......♣P.♣P♣♣...#....#.#.#
.......#♣♣♣♣♣....#.##.#.#.#


You could see 2 gnolls.

Vanquished Creatures
  4 endoplasms
  3 giant cockroaches (D:1)
  8 goblins
  A hobgoblin (D:1)
  A quokka (D:1)
  A ball python (D:2)
  3 bats (D:1)
  3 rats (D:1)
24 creatures vanquished.

Notes
Turn   | Place    | Note
-------+----------+-------------------------------------------
     0 | D:1      | Iniera the Demonspawn Brigand began the quest for the Orb.
     0 | D:1      | Reached XP level 1. HP: 16/16 MP: 1/1
   110 | D:1      | Discovered your monstrous ancestry.
   110 | D:1      | Gained mutation: You have sharp fingernails. [demonic
                  | ancestry]
   110 | D:1      | Reached XP level 2. HP: 22/23 MP: 2/2
   252 | D:1      | Reached skill level 1 in Armour
   607 | D:1      | Reached skill level 1 in Unarmed Combat
   734 | D:2      | Gained mutation: Spells you cast may paralyse adjacent
                  | enemies. [demonic ancestry]
   734 | D:2      | Reached XP level 3. HP: 18/28 MP: 3/3
   967 | D:1      | Slain by a gnoll

Illustrated notes

Levels and vault maps discovered:
D:1:      heliophobic_arrival_battle_scene, layout_basic, serial_forest,
          infiniplex_forest_clump_medium, infiniplex_forest_end_1,
          infiniplex_forest_clump_medium, infiniplex_forest_lined_room_,
          infiniplex_forest_lined_3
D:2:      layout_basic, st_stairs_8

Skill      XL: |  1  2 |
---------------+-------+-----
Throwing       | 2 |  2.0
Armour         | 1 |  1.1
Unarmed Combat | 1 |  1.1
Fighting       | |  2.5
Short Blades   | |  1.7
Dodging        | |  0.8
Stealth        | |  3.6

Action                     || total
---------------------------++-------
  Melee: Dagger            ||    86
         Punch             ||     2
   Stab: Sleeping          ||     7
 Armour: Robe              ||    19
  Dodge: Dodged            ||    34

Table legend: (Time is in decaauts)
 A = Elapsed time spent in this place.
 B = Non-inter-level travel time spent in this place.
 C = Inter-level travel time spent in this place.
 D = Time resting spent in this place.
 E = Time spent auto-exploring this place.
 F = Levels seen in this place.
 G = Mean time per level.
                   A        B        C        D        E       F      G
               +--------+--------+--------+--------+--------+-----+--------+
         Total |    961 |    949 |     12 |    132 |    603 |   2 |  480.5 |
       Dungeon |    961 |    949 |     12 |    132 |    603 |   2 |  480.5 |
               +--------+--------+--------+--------+--------+-----+--------+

Top non-repeatable levels by time:
     D:1: 843 daAuts
     D:2: 117 daAuts
